 Dungeon Crawl Stone Soup version 0.20.1-1-g8b1a95d66d (webtiles) character file.

215 Hvezdomuz the Charmwright (level 5, -1/42 HPs)
             Began as a Centaur Skald on Dec 3, 2017.
             Slain by Meriano's ghost (5 damage)
             ... on level 3 of the Dungeon.
             The game lasted 00:12:32 (3038 turns).

Hvezdomuz the Charmwright (Centaur Skald)           Turns: 3038, Time: 00:12:32

Health: -1/42      AC:  4    Str: 14    XL:     5   Next: 60%
Magic:  1/8        EV:  9    Int: 11    God:
Gold:   138        SH:  0    Dex:  8    Spells: 3/8 levels left

rFire    . . .     SeeInvis .   a - +0 mace
rCold    . . .     Gourm    .   (no shield)
rNeg     . . .     Faith    .   b - +0 leather armour
rPois    +         Spirit   .   (no helmet)
rElec    .         Reflect  .   (no cloak)
rCorr    .         Harm     .   (no gloves)
MR       .....     Clarity  +   (no barding)
Stlth    ..........             (no amulet)
Regen    0.2/turn               (no ring)
MPRegen  0.2/turn               (no ring)

@: infused (expiring), very slightly contaminated, very quick
A: hooves 3, clarity, deformed body, dopey 1, speed 2, poison resistance, tough
skin 3
a: no special abilities


You were on level 3 of the Dungeon.
You were not hungry.

You visited 1 branch of the dungeon, and saw 3 of its levels.

You collected 138 gold pieces.

Inventory:

Hand Weapons
 a - a +0 mace (weapon)
Missiles
 n - 24 bolts
Armour
 b - a +0 leather armour (worn)
 m - a +2 hat
Jewellery
 g - an uncursed ring of resist corrosion {unknown}
Scrolls
 e - a scroll of amnesia {unknown}
 f - 2 scrolls of identify {unknown}
 l - a scroll of fear {unknown}
 o - a scroll of fog {unknown}
Potions
 h - 3 potions of invisibility {unknown}
Books
 c - a book of Battle

   Spells                             Type                      Level
   a - Infusion                       Charms                       1
   b - Shroud of Golubria             Charms/Translocation         2
   c - Song of Slaying                Charms                       2
   d - Spectral Weapon                Hexes/Charms                 3
   e - Regeneration                   Charms/Necromancy            3
Comestibles
 d - 3 bread rations
 k - 2 royal jellies


   Skills:
 + Level 2.6 Fighting
 + Level 2.9 Maces & Flails
 + Level 1.6 Armour
 + Level 2.3 Dodging
 + Level 0.1 Stealth
 + Level 2.0 Spellcasting
 + Level 3.3 Charms
 + Level 0.3 Translocations


You had 3 spell levels left.
You knew the following spells:

 Your Spells              Type           Power        Failure   Level  Hunger
a - Infusion              Chrm           #...         9%          1    ##.....
b - Shroud of Golubria    Chrm/Tloc      #.........   26%         2    ###....
c - Song of Slaying       Chrm           #.......     14%         2    ###....


Dungeon Overview and Level Annotations

Branches:
Dungeon (3/15)

Altars:
Nemelex Xobeh

Annotations:
D:3 Meriano's ghost, amateur HuCj


Innate Abilities, Weirdness & Mutations

You have hooves in place of feet.
Armour fits poorly on your strangely shaped body.
You cover ground very quickly.
You have extremely tough skin. (AC +3)
You possess an exceptional clarity of mind.
You are dopey. (Int -2)
Your system is resistant to poisons. (rPois)


Message History

You hit Meriano's ghost!
Meriano's ghost is almost destroyed.
Meriano's ghost wails, "I was like you once."
Meriano's ghost points at you and mumbles some strange words.
The magic dart hits you!
* * * LOW HITPOINT WARNING * * *
Meriano's ghost points at you and mumbles some strange words.
The magic dart hits you!
* * * LOW HITPOINT WARNING * * *
Okay, then.
You hit Meriano's ghost.
Meriano's ghost is almost destroyed.
Meriano's ghost wails, "You will never get the ORB!"
Meriano's ghost casts a spell at you. The magic dart hits you!
* * * LOW HITPOINT WARNING * * *
You barely miss Meriano's ghost. Your kick misses Meriano's ghost.
Meriano's ghost is almost destroyed.
Meriano's ghost hits you.
You die...

#.#.#####..#######.# #.#.#
#..........# ..#.......######.###
.. ########### #.# #.>. ..#....##
##.### #...# #...##..##
#....###### #...# ##.####..####
#.........# #...# .#'#..##....#
#....####.####...##
......##....###W@....##..........
.._..##.........#................
#...##......#####.##.##..........
##.##.......# #.......####...##
.###..####### ##..†#### #.....#
.....## #...# #.....# ..####
#...# #.....#
..#################.########...##
#........(....##........<# ##.##


You could see Meriano's ghost.

Vanquished Creatures
  An orc wizard (D:3)
  Terence (D:3)
  7 adders
  An ooze (D:2)
  5 worms
  2 leopard geckos
  6 orcs (D:3)
  7 bats
  4 giant cockroaches
  12 goblins
  6 hobgoblins
  3 jackals (D:2)
  2 quokkas
  7 frilled lizards
  4 kobolds
  8 rats
76 creatures vanquished.

Notes
Turn   | Place    | Note
-------+----------+-------------------------------------------
     0 | D:1      | Hvezdomuz the Centaur Skald began the quest for the Orb.
     0 | D:1      | Reached XP level 1. HP: 17/17 MP: 3/3
   197 | D:1      | Reached skill level 3 in Charms
   197 | D:1      | Reached XP level 2. HP: 24/24 MP: 4/4
   201 | D:1      | Learned a level 2 spell: Shroud of Golubria
   716 | D:2      | Reached XP level 3. HP: 10/29 MP: 0/5
   720 | D:2      | Learned a level 2 spell: Song of Slaying
  1201 | D:2      | Reached XP level 4. HP: 33/37 MP: 6/6
  1238 | D:2      | Reached skill level 1 in Armour
  1247 | D:2      | HP: 1/37 [poisoned by an adder]
  1249 | D:2      | Gained mutation: You are dopey. (Int -2) [potion of mutation]
  1249 | D:2      | Gained mutation: You possess an exceptional clarity of mind. [potion of mutation]
  1249 | D:2      | Gained mutation: Your system is resistant to poisons. (rPois) [potion of mutation]
  1727 | D:3      | Noticed Terence
  1732 | D:3      | Noticed Meriano's ghost (amateur HuCj)
  1759 | D:3      | Killed Terence
  2025 | D:3      | Reached XP level 5. HP: 24/42 MP: 4/7
  2973 | D:3      | Found a sparkling altar of Nemelex Xobeh.
  3038 | D:3      | Slain by Meriano's ghost

Skill      XL: |  1  2  3  4  5 |
---------------+----------------+-----
Maces & Flails | 2 |  2.9
Charms         | 3 |  3.3
Dodging        | 2 |  2.3
Armour         | 1 |  1.6
Spellcasting   | 2 |  2.0
Fighting       | |  2.6
Stealth        | |  0.1
Translocations | |  0.3

Action                   |  1- 3 |  4- 6 || total
-------------------------+-------+-------++-------
Melee: Mace              |   103 |   195 ||   298
       Kick              |    12 |    31 ||    43
 Cast: Shroud of Golubri |     4 |     9 ||    13
       Infusion          |     3 |     9 ||    12
       Song of Slaying   |       |     4 ||     4
  Use: Potion            |     4 |     6 ||    10
  Eat: Chunk             |       |     8 ||     8
Armor: Leather armour    |    51 |    55 ||   106
Dodge: Dodged            |    87 |   109 ||   196
